 Dungeon Crawl Stone Soup version 0.28-a0-429-g1448048969 (webtiles) character file.

Game seed: 17887712123672049176

301 robertstho the Magician (level 6, 0/44 HPs)
             Began as a Djinni Fire Elementalist on Sept 10, 2021.
             Was an Initiate of Gozag.
             Slain by a bullfrog zombie (4 damage)
             ... on level 5 of the Dungeon.
             The game lasted 00:06:30 (5678 turns).

robertstho the Magician (Djinni Fire Elementalist)  Turns: 5678, Time: 00:06:31

Health: 0/44       AC:  3    Str:  7    XL:     6   Next: 64%
Gold:   243        EV: 12    Int: 19    God:    Gozag SH:  0 Dex: 13

rFire   + + .      SeeInvis .   c - +0 short sword
rCold   . . .      Faith    .   (no shield)
rNeg    . . .      Spirit   .   e - +1 robe {rC+}
rPois   ∞          Reflect  .   (no helmet)
rElec   .          Harm     .   (no cloak)
rCorr   +          Rampage  .   (no gloves)
Will    .....                   (boots unavailable)
Stlth   ++........              (no amulet)
HPRegen 0.14/turn               h - ring of resist corrosion
MPRegen 0.00/turn               l - ring of wizardry

@: marked, flying
A: sickness immunity, fire resistance 2, cold vulnerability 1, float, innate
caster, hp casting, extra vitality 1
a: Renounce Religion, Potion Petition, Call Merchant, Bribe Branch


You were on level 5 of the Dungeon.
You worshipped Gozag.
Gozag was aware of your devotion.
You visited 2 branches of the dungeon, and saw 6 of its levels.

You collected 309 gold pieces.
You spent 14 gold pieces at shops.
You paid 52 gold pieces to Gozag.

Inventory:

Hand Weapons
 c - a +0 short sword (weapon)
Armour
 e - a +1 robe of cold resistance (worn)
Jewellery
 h - a ring of resist corrosion (left hand)
 l - a ring of wizardry (right hand)
Wands
 o - a wand of acid (6)
Scrolls
 d - 3 scrolls of teleportation {unknown}
 g - a scroll of immolation {unknown}
 n - a scroll of identify
Potions
 a - 2 potions of lignification {unknown}
 b - a potion of flight {unknown}
 f - a potion of berserk rage {unknown}
 i - 2 potions of mutation {unknown}
 j - 3 potions of curing {unknown}
 k - a potion of attraction {unknown}
 m - 2 potions of invisibility {unknown}


   Skills:
 * Level 2.3 Fighting
 + Level 2.2 Dodging
 + Level 2.3 Stealth
 * Level 4.7 Spellcasting


You couldn't memorise any spells.
You knew the following spells:

 Your Spells              Type           Power      Damage    Failure   Level
a - Foxfire               Conj/Fire      88%        2x1d8     1%          1
b - Scorch                Fire           44%        2d7       1%          2
c - Conjure Flame         Conj/Fire      22%        6-21      2%          3
d - Inner Flame           Hex/Fire       22%        N/A       2%          3
e - Flame Wave            Conj/Fire      22%        3d6       8%          4
f - Freeze                Ice            88%        1d10      1%          1
g - Blink                 Tloc           N/A        N/A       1%          2
Your spell library was empty.

Dungeon Overview and Level Annotations

Branches:
Dungeon (5/15)             Temple (1/1) D:4

Altars:
Elyvilon
Gozag
Hepliaklqana
Nemelex Xobeh
Qazlal
Ru
Trog
Uskayaw
Vehumet
Wu Jian
Yredelemnul
Zin
The Shining One
Lugonu

Shops:
D:2 !


Innate Abilities, Weirdness & Mutations

You are immune to sickness and miasma.
You are immune to poison.
Your flesh is very heat resistant. (rF++)
You are vulnerable to cold. (rC-)
You float through the air rather than walking.
You learn spells naturally, not from books.
Your magical power is your life essence.
You have superior vitality. (+4 HP)


Message History

The hornet zombie is heavily damaged.
The hornet zombie hits you.
Unknown command.
Casting: Scorch (safe; 1% risk of failure)
Confirm with . or Enter, or press ? or * to list all spells.
Flames lash the bullfrog zombie.
The bullfrog zombie is moderately damaged.
The bullfrog zombie's fire resistance burns away.
The hornet zombie hits you.
A white imp comes into view.
The hornet zombie closely misses you. The bullfrog zombie closely misses you.
Casting: Scorch (safe; 1% risk of failure)
Confirm with . or Enter, or press ? or * to list all spells.
The spell is quite dangerous to cast (8% risk of failure)!
Continue anyway?
Casting: Flame Wave (quite dangerous; 8% risk of failure)
Press: ? - help, Dir - look around, f - activate A wave of flame ripples out!
The flame wave engulfs the hornet zombie!
The hornet zombie is burned terribly!
The hornet zombie is severely damaged.
The flame wave engulfs the bullfrog zombie!
The bullfrog zombie is burned terribly!
The bullfrog zombie is heavily damaged. (Press . to intensify the flame waves.)
The hornet zombie hits you!
* * * LOW HITPOINT WARNING * * *
The bullfrog zombie misses you.
A wave of flame ripples out!
The flame wave engulfs the hornet zombie!
The hornet zombie is burned terribly!
The hornet zombie is almost destroyed.
The flame wave engulfs the bullfrog zombie!!
The bullfrog zombie is burned terribly!
The bullfrog zombie is almost destroyed.
The flame wave engulfs the white imp!
The white imp is burned terribly!
The white imp is almost dead.
* * * LOW HITPOINT WARNING * * *
The hornet zombie closely misses you. The bullfrog zombie hits you.
You die...
Your body crumbles into a pile of gold.

..##. .... #...##.
....... ....... .#
###5...... ## .##
#.Z....... #. ..#
#@......# ##..##.#
##.ZZ...##
#...#..####........#
#.....##.#......... #
#................
....#.....##..##.....
#...<.............
#...........#####.
.............#..#


You could see a white imp, 2 bullfrog zombies and a hornet zombie (inflammable).

Vanquished Creatures
  A gnoll shaman (D:4)
  An orc wizard (D:4)
  9 gnolls (D:4)
  6 adders
  An adder skeleton (D:4)
  3 worms (D:2)
  4 dart slugs
  3 orcs
  7 ball pythons
  7 endoplasms
  5 giant cockroaches
  4 goblins
  6 hobgoblins
  4 jackals (D:1)
  5 kobolds
  5 quokkas
  7 bats
  4 frilled lizards
  A jackal skeleton (D:4)
  A rat (D:1)
84 creatures vanquished.

Vanquished Creatures (collateral kills)
  3 foxfires (D:4)
3 creatures vanquished.

Vanquished Creatures (others)
  444 foxfires
  2 plants (D:4)
446 creatures vanquished.

Grand Total: 533 creatures vanquished

Notes
Turn   | Place    | Note
-------+----------+-------------------------------------------
     0 | D:1      | robertstho the Djinni Fire Elementalist began the quest for
                  | the Orb.
     0 | D:1      | Reached XP level 1. HP: 15/15 MP: 0/0
   408 | D:1      | Reached XP level 2. HP: 19/22 MP: 0/0
  1255 | D:1      | Reached skill level 3 in Spellcasting
  1461 | D:1      | Reached XP level 3. HP: 21/26 MP: 0/0
  1461 | D:1      | Learned a level 1 spell: Freeze
  2013 | D:1      | Found a faded altar of an unknown god.
  2439 | D:2      | Reached XP level 4. HP: 27/31 MP: 0/0
  2579 | D:2      | Found Tajyun's Distillery.
  2582 | D:2      | Bought a potion of degeneration for 14 gold pieces
  2694 | D:2      | Reached skill level 1 in Fighting
  3426 | D:3      | Found a glowing golden altar of the Shining One.
  3688 | D:3      | Reached XP level 5. HP: 35/37 MP: 0/0
  3688 | D:3      | Learned a level 2 spell: Blink
  4155 | D:3      | Reached skill level 4 in Spellcasting
  4366 | D:4      | Found a staircase to the Ecumenical Temple.
  4378 | Temple   | Entered the Ecumenical Temple
  4461 | Temple   | Became a worshipper of Gozag Ym Sagoz the Greedy
  4598 | D:4      | Found a white marble altar of Elyvilon.
  4948 | D:4      | Reached XP level 6. HP: 37/43 MP: 0/0
  5542 | D:4      | Found a sparkling altar of Nemelex Xobeh.
  5662 | D:5      | Entered Level 5 of the Dungeon
  5678 | D:5      | Slain by a bullfrog zombie

Illustrated notes

Levels and vault maps discovered:
D:1:      lemuel_arrival_hallway, layout_basic,
          hellmonk_ecumenical_altar_leap_of_faith, st_stairs_5, nrook_campfire,
          minmay_misc_feat_encased
D:2:      layout_rooms, serial_shops, nicolae_shop_behind_doors
D:3:      layout_basic, lemuel_doored_altar, mainiacjoe_overflow_surrounded_room
D:4:      layout_rooms, elyvilon_altar_4, nemelex_spade_bored_becter,
          minmay_temple_entry_overgrown
D:5:      layout_cave_pools, mainiacjoe_overflow_concentric_impassable
Temple:   corrupted_temple

Skill      XL: |  1  2  3  4  5  6 |
---------------+-------------------+-----
Spellcasting   | 3 4 |  4.7
Fighting       | 1 2 |  2.3
Stealth        | 2 |  2.3
Dodging        | |  2.2

Action                   |  1- 3 |  4- 6 || total
-------------------------+-------+-------++-------
Melee: Short sword       |     2 |       ||     2
 Cast: Foxfire           |   101 |   177 ||   278
       Scorch            |     1 |    18 ||    19
       Flame Wave        |       |     1 ||     1
  Use: Scroll            |       |     4 ||     4
       Potion            |       |     1 ||     1
Armor: Robe              |     6 |     3 ||     9
Dodge: Dodged            |     7 |    10 ||    17

Table legend: (Time is in decaauts)
 A = Elapsed time spent in this place.
 B = Non-inter-level travel time spent in this place.
 C = Inter-level travel time spent in this place.
 D = Time resting spent in this place.
 E = Time spent auto-exploring this place.
 F = Levels seen in this place.
 G = Mean time per level.
                   A        B        C        D        E       F      G
               +--------+--------+--------+--------+--------+-----+--------+
         Total |   5675 |   5594 |     81 |    218 |   4702 |   6 |  945.8 |
       Dungeon |   5579 |   5511 |     68 |    218 |   4631 |   5 | 1115.8 |
        Temple |     96 |     83 |     13 |      0 |     71 |   1 |   96.0 |
               +--------+--------+--------+--------+--------+-----+--------+

Top non-repeatable levels by time:
     D:1: 2085 daAuts
     D:4: 1249 daAuts
     D:3: 1114 daAuts
     D:2: 1113 daAuts
  Temple: 96 daAuts
     D:5: 15 daAuts
